 Dungeon Crawl Stone Soup version 0.29.1-15-g9cfb28693d (webtiles) character file.

Game seed: 244923691986739353

71 nightchill the Trooper (level 4, -5/29 HPs)
             Began as a Gargoyle Fighter on Mar 25, 2023.
             Slain by Grinder (7 damage)
             ... on level 3 of the Dungeon.
             The game lasted 00:02:15 (1684 turns).

nightchill the Trooper (Gargoyle Fighter)           Turns: 1684, Time: 00:02:16

Health: -5/29      AC: 10    Str: 20    XL:     4   Next: 24%
Magic:  4/4        EV:  9    Int: 10    God:
Gold:   76         SH:  4    Dex:  9    Spells: 3/3 levels left

rFire   . . .      SeeInvis .   f - +2 dagger (venom)
rCold   . . .      Faith    .   c - +0 buckler
rNeg    + . .      Spirit   .   b - +0 scale mail
rPois   ∞          Reflect  .   (no helmet)
rElec   +          Harm     .   j - scarf {repulsion}
rCorr   .          Rampage  .   (no gloves)
Will    .....                   (no boots)
Stlth   ..........              (no amulet)
HPRegen 0.09/turn               (no ring)
MPRegen 0.09/turn               (no ring)

@: mighty, on berserk cooldown, slowed, repel missiles, very slow
A: sickness immunity, AC +3, negative energy resistance 1, electricity
resistance, torment resistance 1, petrification resistance
a: no special abilities


You were on level 3 of the Dungeon.
You visited 1 branch of the dungeon, and saw 3 of its levels.

You collected 76 gold pieces.

Inventory:

Hand Weapons
 a - a +0 flail
 f - a +2 dagger of venom (weapon)
Armour
 b - a +0 scale mail (worn)
 c - a +0 buckler (worn)
 j - a scarf of repulsion (worn)
Scrolls
 g - a scroll of torment {unknown}
 h - 2 scrolls of magic mapping {unknown}
 k - a scroll of teleportation {unknown}
 m - a scroll of identify {unknown}
 n - a scroll of noise {unknown}
 o - a scroll of fear {unknown}
Potions
 e - a potion of haste {unknown}
 i - 2 potions of berserk rage
 l - a potion of cancellation {unknown}


   Skills:
 + Level 4.1 Fighting
 * Level 3.8 Maces & Flails
 - Level 3.2 Armour
 - Level 3.2 Shields


You had 3 spell levels left.
You didn't know any spells.
Your spell library was empty.

Dungeon Overview and Level Annotations

Branches:
Dungeon (3/15)

Altars:

Annotations:
D:3 Grinder


Innate Abilities, Weirdness & Mutations

You are immune to sickness and miasma.
Your stone body is resilient. (AC +3)
You are immune to poison.
You resist negative energy. (rN+)
You are resistant to electric shocks. (rElec)
You are resistant to unholy torment.
You are immune to petrification.


Message History

You puncture Grinder!
Grinder is moderately wounded.
Grinder hits you.
You writhe in agony.
You closely miss Grinder.
Grinder is moderately wounded.
Grinder gestures at you. Pain shoots through your body!
You closely miss Grinder.
Grinder is moderately wounded.
Grinder barely misses you.
You closely miss Grinder.
Grinder is moderately wounded.
Grinder hits you.
* * * LOW HITPOINT WARNING * * *
You writhe in agony.
* * * LOW HITPOINT WARNING * * *
You puncture Grinder!
Grinder is heavily wounded.
Grinder drinks a potion.
Grinder is healed!
It was a potion of berserk rage.
A red film seems to cover your vision as you go berserk!
You feel yourself moving faster!
You feel mighty!
Grinder blinks!
You feel a strong urge to attack something.
Grinder says, "FISH!"
Found a sling.
You feel your anger nearly subside.
Grinder says, "Wait up."
Grinder gestures at you. You resist with significant effort.
You are no longer berserk.
You are exhausted.
You feel yourself slow down.
You barely miss Grinder. You block Grinder's attack. Grinder hits you.
* * * LOW HITPOINT WARNING * * *
You barely miss Grinder. Grinder hits you.
* * * LOW HITPOINT WARNING * * *
You writhe in agony.
* * * LOW HITPOINT WARNING * * *
Grinder hits you!
You die...

.............#.#
.#.#.#<#.#.##.#
............##.#
#.#.#.#.#.#.##.# .#
.........##.# ..
#.#.#.#.#.##.# #.#.#
........##.##.#.....#
..... ... .##...# ..
... #@..#..# #5#...##
.....## ##......
....#... ..#.#....
.)##...... .. ##.


You could see Grinder.

Vanquished Creatures
  3 adders
  A dart slug (D:1)
  8 bats
  5 endoplasms
  4 hobgoblins (D:1)
  3 jackals (D:2)
  5 ball pythons (D:1)
  A frilled lizard (D:2)
  3 goblins
  4 kobolds
  4 rats
41 creatures vanquished.

Notes
Turn   | Place    | Note
-------+----------+-------------------------------------------
     0 | D:1      | nightchill the Gargoyle Fighter began the quest for the
                  | Orb.
     0 | D:1      | Reached XP level 1. HP: 14/14 MP: 1/1
   109 | D:1      | Found a faded altar of an unknown god.
   160 | D:1      | Reached XP level 2. HP: 12/19 MP: 2/2
   696 | D:1      | Reached XP level 3. HP: 24/24 MP: 3/3
  1167 | D:2      | Reached skill level 4 in Fighting
  1200 | D:2      | Reached XP level 4. HP: 29/29 MP: 4/4
  1664 | D:3      | Noticed Grinder
  1664 | D:3      | Paralysed by Grinder for 3 turns
  1684 | D:3      | Slain by Grinder

Illustrated notes

Levels and vault maps discovered:
D:1:      dpeg_arrival_leaves_temple_mockup, layout_loops_ring,
          dreamdust_ecumenical_altar_angels_and_demons
D:2:      layout_basic, hangedman_feature_mirror, minivault_19, moated_statue,
          chequers_serial_rivers_marsh
D:3:      layout_rooms, st_stairs_12, minmay_tree_intersection, uniq_jessica,
          uniq_grinder

Skill      XL: |  1  2  3 |
---------------+----------+-----
Maces & Flails | 3 |  3.8
Fighting       | 4 |  4.1
Armour         | |  3.2
Shields        | |  3.2

Action                   |  1- 3 |  4- 6 || total
-------------------------+-------+-------++-------
Melee: Flail             |    13 |       ||    13
       Dagger            |    89 |    26 ||   115
  Use: Potion            |       |     2 ||     2
Armor: Scale mail        |    61 |     9 ||    70
Dodge: Dodged            |    52 |     5 ||    57
Block: Buckler           |    19 |     3 ||    22
